 Dungeon Crawl Stone Soup version 0.31.0-11-ge490571c62 (webtiles) character file.

Game seed: 3005481080377929766

7 Bravepunisher the Ducker (level 1, -5/11 HPs)
             Began as a Spriggan Monk on Jan 26, 2024.
             Was a Believer of Makhleb.
             Killed by divine providence
             ... invoked by an orc priest
              (10 damage)
             ... on level 4 of the Dungeon.
             The game lasted 00:04:03 (623 turns).

Bravepunisher the Ducker (Spriggan Monk)             Turns: 623, Time: 00:04:04

Health: -5/11      AC:  2    Str:  7    XL:     1   Next: 83%
Magic:  2/2        EV: 19    Int: 11    God:    Makhleb [**....]
Gold:   46         SH:  0    Dex: 17    Spells: 0/0 levels left

rFire   . . .        a - +0 short sword
rCold   . . .        (no shield)
rNeg    . . .        b - +0 robe
rPois   .            (helmet restricted)
rElec   .            (no cloak)
rCorr   .            (gloves unavailable)
SInv    +            (boots unavailable)
Will    +....        (no amulet)
Stlth   +            (no ring)
HPRegen 0.21/turn    (no ring)
MPRegen 0.08/turn

%: no passive effects
@: confused, ambrosia-drunk, enlightened, flying, very quick
A: very small, no large weapons, unfitting armour, see invisible, speed 3
a: Renounce Religion, Minor Destruction


You were on level 4 of the Dungeon.
You worshipped Makhleb.
Makhleb was pleased with you.
You visited 2 branches of the dungeon, and saw 6 of its levels.

You collected 46 gold pieces.

Inventory:

Hand Weapons
 a - a +0 short sword (weapon)
Armour
 b - a +0 robe (worn)
Scrolls
 d - a scroll of teleportation {unknown}
 f - a scroll of summoning {unknown}


   Skills:
 * Level 2.7 Fighting
 - Level 3.2 Short Blades
 + Level 4.2 Dodging
 + Level 0.0 Invocations


You couldn't memorise any spells.
You didn't know any spells.
Your spell library was empty.

Dungeon Overview and Level Annotations

Branches:
Dungeon (5/15)             Temple (1/1) D:5

Altars:
Ashenzari
Cheibriados
Elyvilon
Gozag
Makhleb
Nemelex Xobeh
Okawaru
Qazlal
Sif Muna
Trog
Uskayaw
Vehumet
Wu Jian
Xom
The Shining One

Annotations:
D:2 Terence
D:3 Jessica
D:4 Ijyb
D:5 Prince Ribbit


Innate Abilities, Weirdness & Mutations

You are very small and have problems with some larger weapons.
You are too small for most types of armour.
You have supernaturally acute eyesight. (SInv)
You cover ground extremely quickly. (Speed+++)


Message History

A hobgoblin comes into view.
Found a stone staircase leading up.
A gnoll comes into view. It is wielding a +0 flail.
The gnoll bouda barks out a call to the hunt!
The gnoll picks up the pace!
You hear a shout! x2
The hobgoblin shouts!
The hound attacks as it pursues you! The hound completely misses you.
The hound attacks as it pursues you! The hound bites you.
The hound attacks as it pursues you! The hound barely misses you.
The hobgoblin misses you.
You hit the hobgoblin.
The hobgoblin is moderately wounded.
Your attacks no longer feel as feeble.
The hound completely misses you. The hobgoblin barely misses you.
It was a potion of enlightenment.
You feel very buoyant.
You fly up into the air.
The hound barely misses you. The hobgoblin hits you. The hound misses you.
You barely miss the hobgoblin.
The hobgoblin is moderately wounded.
The hound bites you.
* * * LOW HITPOINT WARNING * * *
The hobgoblin barely misses you.
The gnoll bouda barks out a call to the hunt!
You hear a shout! x3
Aiming: Minor Destruction (24% risk of failure)
Press: ? - help, Shift-Dir - straight line, f - hobgoblin
Aim: a hobgoblin (moderately wounded)
You fail to use your ability.
The hound misses you. The hobgoblin completely misses you.
Unknown command.
You are confused.
You feel invigorated. The hound barely misses you.
A gnoll comes into view. It is wielding a +0 flail.
The hound barely misses you. The hobgoblin misses you.
The orc priest calls down the wrath of Beogh upon you.
Beogh smites you!
Ouch! That really hurt!
You die...

##. # ...# .. #..#
.##..### .o....# #.
#..#.# ###.##..#.# #
............######<#
.........g..gooh@g.#
.#"##.#.##..########
.o....#.#...# ..
##...g.## g#
##g.....#
.###.......#
.##.#.....##
.g.###...>#
###.#.#.#.#


You could see a gnoll bouda, a hound, an orc priest, a gnoll (wandering, swift),
an orc and a hobgoblin.

Vanquished Creatures
  A dart slug (D:1)
  A hobgoblin (D:4)
  2 bats
  A kobold (D:2)
5 creatures vanquished.

Notes
Turn   | Place    | Note
-------+----------+-------------------------------------------
     0 | D:1      | Bravepunisher the Spriggan Monk began the quest for the
                  | Orb.
     0 | D:1      | Reached XP level 1. HP: 11/11 MP: 2/2
    41 | D:2      | Found a bloodstained altar of Trog.
    45 | D:2      | Noticed Terence
   295 | D:3      | Noticed Jessica
   331 | D:4      | Noticed an orc priest
   366 | D:4      | Noticed a gnoll bouda
   384 | D:5      | Entered Level 5 of the Dungeon
   384 | D:5      | Noticed a howler monkey
   397 | D:5      | Found a radiant altar of Vehumet.
   402 | D:5      | Noticed Prince Ribbit
   421 | D:5      | Noticed a scorpion
   467 | D:5      | Noticed an iguana
   502 | D:5      | Found a staircase to the Ecumenical Temple.
   511 | Temple   | Entered the Ecumenical Temple
   531 | Temple   | Became a worshipper of Makhleb the Destroyer
   531 | Temple   | Reached * piety under Makhleb
   531 | Temple   | Reached ** piety under Makhleb
   592 | D:5      | Noticed an iguana
   593 | D:5      | Noticed a hound
   594 | D:5      | Noticed a phantom
   596 | D:5      | Noticed a troll
   607 | D:4      | Noticed a hound
   611 | D:4      | Noticed an orc priest
   612 | D:4      | Noticed Ijyb
   623 | D:4      | Killed from afar by an orc priest

Illustrated notes

Levels and vault maps discovered:
D:1:      lightli_molten_gateway, layout_basic
D:2:      layout_basic, basic_altar, basic_ecumenical_altar, uniq_terence,
          uniq_sigmund, uniq_natasha
D:3:      layout_rooms, serial_corexii_hall, chequers_hall_statues_wall_a,
          corexii_hall_statues_u, minmay_liquid_box, uniq_jessica
D:4:      layout_loops_ring, yredelemnul_altar_generic, uniq_ijyb
D:5:      layout_gridville, nicolae_vehumet_altar_sigil,
          minmay_temple_entry_tees, minmay_chambers_of_fives,
          uniq_prince_ribbit1
Temple:   jpeg_temple_clearing

Action                     || total
---------------------------++-------
  Melee: Short sword       ||    22
         Punch             ||     1
    Use: Potion            ||     2
 Armour: Robe              ||    10
  Dodge: Dodged            ||    40
